 Dungeon Crawl Stone Soup version 0.30-a0-760-g5a9884bb7c (webtiles) character file.

Game seed: 1987257915772413615

503 Zenkrye the Poker (level 7, -1/52 HPs)
             Began as a Human Cinder Acolyte on Feb 10, 2023.
             Was a High Priest of Ignis.
             Slain by a lemure (7 damage)
             ... led by Pikel
             ... on level 4 of the Dungeon.
             The game lasted 00:08:22 (3391 turns).

Zenkrye the Poker (Human Cinder Acolyte)            Turns: 3391, Time: 00:08:23

Health: -1/52      AC:  8    Str: 22    XL:     7   Next: 40%
Magic:  1/11       EV: 10    Int: 21    God:    Ignis [*****.]
Gold:   169        SH:  0    Dex:  8    Spells: 10/12 levels left

rFire   . . .      SeeInvis .    r - +11 trident "Hittoy" {flame, rF- Int+6}
rCold   . . .      Faith    .    (no shield)
rNeg    . . .      Spirit   .    o - +0 ring mail
rPois   .          Reflect  .    e - +2 hat
rElec   .          Harm     .    j - +0 cloak
rCorr   .          Rampage  .    (no gloves)
Will    +....                    (no boots) Stlth
                                 (no amulet)
HPRegen 0.28/turn                d - ring of willpower
MPRegen 0.12/turn                q - +6 ring of strength

@: no status effects
A: no striking features
a: Renounce Religion, Fiery Armour, Foxfire Swarm, Rising Flame


You were on level 4 of the Dungeon.
You worshipped Ignis.
Ignis was extremely pleased with you.
You visited 1 branch of the dungeon, and saw 5 of its levels.

You collected 169 gold pieces.

Inventory:

Hand Weapons
 a - a -1 spear of electrocution
 g - a +0 trident
 r - the +11 trident "Hittoy" (weapon) {flame, rF- Int+6}
   (You found it on level 4 of the Dungeon)

   Int:       It affects your intelligence (+6).
   rF:        It makes you vulnerable to fire.
Armour
 b - a +0 robe
 e - a +2 hat (worn)
 f - a +0 leather armour
 j - a +0 cloak (worn)
 o - a +0 ring mail (worn)
Jewellery
 d - a ring of willpower (left hand)
 q - a +6 ring of strength (right hand)
Scrolls
 h - a scroll of vulnerability
 i - a scroll of identify {@r1}
 t - 2 scrolls of enchant armour
Potions
 c - a potion of curing {@q1}
 k - a potion of invisibility {unknown}
 l - a potion of cancellation
 n - a potion of ambrosia {unknown}
 p - a potion of brilliance {unknown}
 s - a potion of resistance {unknown}
 u - a potion of attraction {unknown}


   Skills:
 - Level 3.0 Fighting
 + Level 5.5 Polearms
 - Level 3.0 Spellcasting
 + Level 5.4 Fire Magic


You had 10 spell levels left.
You knew the following spells:

 Your Spells              Type           Power      Damage    Failure   Level
a - Scorch                Fire           52%        2d7       3%          2

Your spell library contained the following spells:

 Spells                   Type           Power      Damage    Failure   Level
 Freeze                   Ice            12%        1d3       22%         1
 Cigotuvi's Dreadful Rot  Necr/Pois/Air  6%         N/A       32%         2
 Poisonous Vapours        Pois/Air       6%         N/A       32%         2
 Frozen Ramparts          Ice            6%         1d1       54%         3
 Hailstorm                Conj/Ice       3%         3d3       54%         3
 Mephitic Cloud           Conj/Pois/Air  3%         N/A       54%         3


Dungeon Overview and Level Annotations

Branches:
Dungeon (5/15)
 Temple: D:4-7

Altars:


Message History

The lemure's fire resistance burns away.
The lemure hits you.
* * * LOW HITPOINT WARNING * * *
Your magical contamination has completely faded away.
Casting: Scorch (safe; 3% risk of failure)
Confirm with . or Enter, or press ? or * to list all spells.
Flames lash the lemure.
The lemure is burned terribly!
The lemure is almost dead.
The lemure hits you.
* * * LOW HITPOINT WARNING * * *
You hit the lemure but do no damage.
The lemure is severely wounded.
The lemure barely misses you.
You closely miss the lemure.
The lemure is severely wounded.
The lemure hits you.
* * * LOW HITPOINT WARNING * * *
You barely miss the lemure.
The lemure is severely wounded.
The lemure hits you.
* * * LOW HITPOINT WARNING * * *
You feel better. The lemure hits you.
* * * LOW HITPOINT WARNING * * *
You feel better. The lemure misses you.
You closely miss the lemure.
The lemure is severely wounded.
The lemure hits you.
* * * LOW HITPOINT WARNING * * *
You barely miss the lemure.
The lemure is severely wounded.
The lemure hits you.
* * * LOW HITPOINT WARNING * * *
You hit the lemure. You burn the lemure.
The lemure is almost dead.
You are no longer corroded.
The lemure misses you.
You closely miss the lemure.
The lemure is almost dead.
The lemure hits you!
You die...

#.# .# #.##.# #.# #.###
###..#.####### #.#####...#
#....#.......#
####.##......####.#########.#
##....##......##...#.....###.#
......##......##.#####.#.#...#
......†.........>(.....#.#.###
......##.......#5#####.#.#.###
##.####........#@#.......#...#
...# #.......##.#.#...#####.#
..## #..........#<..........#
...###########.#.#.#.##.######
#............#.....#....#
†....).........#.########
...............#.#
..............##.#
..............##.#


You could see a lemure (combustible).

Vanquished Creatures
  A phantom (D:4)
  A scorpion (D:3)
  A necrophage (D:4)
  2 hounds (D:4)
  A jelly (D:4)
  An orc priest (D:4)
  Jessica (D:3)
  An orc wizard (D:3)
  2 adders (D:2)
  A white imp (D:5)
  4 worms
  3 dart slugs (D:1)
  8 orcs
  7 endoplasms
  7 giant cockroaches
  5 goblins
  7 hobgoblins
  9 jackals
  5 quokkas
  7 ball pythons
  6 bats
  A frilled lizard (D:2)
  3 kobolds
  6 rats
90 creatures vanquished.

Notes
Turn   | Place    | Note
-------+----------+-------------------------------------------
     0 | D:1      | Zenkrye the Human Cinder Acolyte began the quest for the
                  | Orb.
     0 | D:1      | Reached XP level 1. HP: 18/18 MP: 2/2
    98 | D:1      | Reached XP level 2. HP: 2/24 MP: 3/3
   100 | D:1      | HP: 1/24 [jackal (2)]
   271 | D:1      | Learned a level 2 spell: Scorch
   402 | D:1      | Reached XP level 3. HP: 29/29 MP: 4/4
  1158 | D:2      | Reached XP level 4. HP: 33/35 MP: 6/6
  2162 | D:3      | Noticed a scorpion
  2258 | D:3      | Reached XP level 5. HP: 40/41 MP: 8/8
  2563 | D:3      | Noticed Jessica
  2565 | D:3      | Killed Jessica
  2588 | D:3      | Reached XP level 6. HP: 23/47 MP: 0/10
  3059 | D:4      | Identified the +11 trident "Hittoy" {flame, rF- Int+6}
  3179 | D:4      | Reached skill level 5 in Polearms
  3179 | D:4      | Reached skill level 5 in Fire Magic
  3179 | D:4      | Reached XP level 7. HP: 42/52 MP: 11/11
  3354 | D:5      | Entered Level 5 of the Dungeon
  3391 | D:4      | Slain by a lemure

Illustrated notes

Levels and vault maps discovered:
D:1:      heliophobic_arrival_enchanted_forest, layout_basic, serial_curves,
          eino_curves_01, eino_curves_04
D:2:      layout_loops_ring, serial_glass, glass_columns_b, glass_columns_a,
          minmay_pentomino_v4
D:3:      layout_basic, kennysheep_jessica_study
D:4:      layout_basic
D:5:      minmay_diamond_boxcup, layout_cave_pools, zin_academy,
          minmay_temple_entry_offerings, uniq_pikel

Skill      XL: |  1  2  3  4  5  6 |
---------------+-------------------+-----
Spellcasting   | 2 3 |  3.0
Polearms       | 4 5 |  5.5
Fire Magic     | 4 5 |  5.4
Fighting       | |  3.0

Action                     |  1- 3 |  4- 6 |  7- 9 || total
---------------------------+-------+-------+-------++-------
  Melee: Spear             |   102 |   256 |       ||   358
         Trident           |       |    12 |    21 ||    33
   Cast: Scorch            |       |    10 |     5 ||    15
 Invoke: Fiery Armour      |     1 |       |       ||     1
    Use: Scroll            |     3 |    10 |       ||    13
         Potion            |       |       |     5 ||     5
   Stab: Sleeping          |     2 |       |       ||     2
 Armour: Robe              |    17 |       |       ||    17
         Leather armour    |     9 |    18 |       ||    27
         Ring mail         |       |    54 |    10 ||    64
  Dodge: Dodged            |    65 |    94 |    18 ||   177

Table legend: (Time is in decaauts)
 A = Elapsed time spent in this place.
 B = Non-inter-level travel time spent in this place.
 C = Inter-level travel time spent in this place.
 D = Time resting spent in this place.
 E = Time spent auto-exploring this place.
 F = Levels seen in this place.
 G = Mean time per level.
                   A        B        C        D        E       F      G
               +--------+--------+--------+--------+--------+-----+--------+
         Total |   3356 |   3275 |     81 |    210 |   2332 |   5 |  671.2 |
       Dungeon |   3356 |   3275 |     81 |    210 |   2332 |   5 |  671.2 |
               +--------+--------+--------+--------+--------+-----+--------+

Top non-repeatable levels by time:
     D:1: 1122 daAuts
     D:2: 932 daAuts
     D:3: 892 daAuts
     D:4: 394 daAuts
     D:5: 16 daAuts
